 Dungeon Crawl Stone Soup version 0.29.1-12-g30fa7ad0bf (webtiles) character file.

Game seed: 8024690610477791983

1 H0rd4k the Charlatan (level 1, 0/13 HPs)
             Began as an Octopode Artificer on Dec 22, 2022.
             Slain by a ball python (2 damage)
             ... on level 1 of the Dungeon.
             The game lasted 00:00:12 (164 turns).

H0rd4k the Charlatan (Octopode Artificer)            Turns: 164, Time: 00:00:12

Health: 0/13       AC:  1    Str: 11    XL:     1   Next: 20%
Magic:  1/1        EV: 10    Int: 13    God:
Gold:   0          SH:  0    Dex: 12    Spells: 0/0 levels left

rFire   . . .      SeeInvis .   (no weapon)
rCold   . . .      Faith    .   (no shield)
rNeg    . . .      Spirit   .   (helmet restricted)
rPois   .          Reflect  .   (no amulet)
rElec   .          Harm     .   (no ring)
rCorr   .          Rampage  .   (no ring)
Will    .....                   (no ring)
Stlth   +++.......              (no ring)
HPRegen 0.04/turn               (no ring)
MPRegen 0.07/turn               (no ring)
                                (no ring)
                                (no ring)

@: constricted
A: almost no armour, amphibious, 8 rings, camouflage 1, gelatinous body 1,
(nimble swimmer 1), tentacles
a: no special abilities


You were on level 1 of the Dungeon.
You visited 1 branch of the dungeon, and saw 1 of its levels.

Inventory:

Wands
 b - a wand of flame (15) (quivered)
 c - a wand of charming (15)
 d - a wand of iceblast (5)
Scrolls
 e - a scroll of summoning {unknown}
 f - a scroll of poison {unknown}
 g - a scroll of identify {unknown}
Potions
 a - a potion of brilliance {unknown}


   Skills:
 * Level 1.0 Fighting
 - Level 2.3 Dodging
 - Level 1.3 Stealth
 * Level 0.2 Spellcasting
 - Level 3.2 Evocations


You couldn't memorise any spells.
You didn't know any spells.
Your spell library was empty.

Dungeon Overview and Level Annotations

Branches:
Dungeon (1/15)

Altars:


Innate Abilities, Weirdness & Mutations

You cannot wear most types of armour.
You are amphibious.
You can wear up to eight rings at the same time.
Your skin changes colour to match your surroundings (Stealth+).
Your rubbery body absorbs attacks. (AC +1, EV +1)
((You are camouflaged when in or above water. (Stealth+)))
You have tentacles for arms and can constrict up to eight enemies at once.


Message History

A rat is nearby!
A rat is nearby!
A rat is nearby!
A ball python comes into view.
The rat bites you.
There are monsters nearby!
You tentacle-slap the rat. Your grab misses the rat.
The rat is moderately wounded.
The ball python hisses angrily.
The rat bites you.
There are monsters nearby!
There are monsters nearby!
You tentacle-slap the rat but do no damage.
Your grab misses the rat.
The rat is moderately wounded.
The rat bites you.
There are monsters nearby!
You are too injured to fight recklessly!
You are too injured to fight recklessly!
You are too injured to fight recklessly!
You barely miss the rat. Your grab misses the rat. Your squeeze misses the rat.
The rat is moderately wounded.
The ball python barely misses you. The ball python closely misses you.
The rat bites you.
You tentacle-slap the rat but do no damage.
You grab the rat.
The rat is moderately wounded.
You constrict the rat. The ball python barely misses you.
The ball python misses you. The rat barely misses you.
You tentacle-slap the rat.
You kill the rat!
The ball python closely misses you. The ball python grabs you.
The ball python constricts you.
* * * LOW HITPOINT WARNING * * *
You barely miss the ball python. Your grab misses the ball python.
The ball python closely misses you. The ball python constricts you.
* * * LOW HITPOINT WARNING * * *
You barely miss the ball python. You grab the ball python.
You constrict the ball python. The ball python bites you.
You die...

#.#.#........8.
................ #
...#.#.####.....#### .
##.#.#.#####.......#.#
#.........#.......#.#
#.........#.........#
#..................# ##
#.........#.......# ...
#.........#....@..#....
#.........#.....S......
##......................
...#.#.#####..##.##.....
...#...# #......# .....
.....### #......# ....
.....# #......# ###
..>### #......#
...########......#


You could see a ball python.

Vanquished Creatures
  2 rats (D:1)
2 creatures vanquished.

Notes
Turn   | Place    | Note
-------+----------+-------------------------------------------
     0 | D:1      | H0rd4k the Octopode Artificer began the quest for the Orb.
     0 | D:1      | Reached XP level 1. HP: 13/13 MP: 1/1
    47 | D:1      | Found a faded altar of an unknown god.
   164 | D:1      | Slain by a ball python

Illustrated notes

Levels and vault maps discovered:
D:1:      evilmike_arrival_rings, layout_rooms,
          chequers_ecumenical_altar_simple_redux

Action                   || total
-------------------------++-------
Melee: Unarmed           ||     9
       Constrict         ||     3
       Tentacles         ||     1
Dodge: Dodged            ||     8
